 Dungeon Crawl Stone Soup version 0.30-a0-702-gdf48620a09 (webtiles) character file.

Game seed: 17752024941245913662

22 Leeroy the Slasher (level 2, -3/17 HPs)
             Began as a Tengu Warper on Jan 21, 2023.
             Slain by Sigmund
             ... wielding a +0 scythe
              (6 damage)
             ... on level 2 of the Dungeon.
             The game lasted 00:01:29 (860 turns).

Leeroy the Slasher (Tengu Warper)                    Turns: 860, Time: 00:01:29

Health: -3/17      AC:  3    Str: 11    XL:     2   Next: 91%
Magic:  6/6        EV: 11    Int: 19    God:
Gold:   46         SH:  0    Dex: 13    Spells: 3/5 levels left

rFire   . . .      SeeInvis .    l - +1 short sword (vamp)
rCold   . . .      Faith    .    (no shield)
rNeg    . . .      Spirit   .    b - +0 leather armour
rPois   .          Reflect  .    (helmet restricted)
rElec   .          Harm     .    (no cloak)
rCorr   +          Rampage  .    (no gloves)
Will    .....                    (boots unavailable)
Stlth   +                        (no amulet)
HPRegen 0.22/turn                k - ring of resist corrosion
MPRegen 0.10/turn                j - +6 ring of intelligence

@: confused, brilliant, flying
A: beak, talons 3
a: no special abilities


You were on level 2 of the Dungeon.
You visited 1 branch of the dungeon, and saw 2 of its levels.

You collected 46 gold pieces.

Inventory:

Hand Weapons
 a - a +0 falchion
 l - a +1 vampiric short sword (weapon)
Missiles
 d - 7 boomerangs of dispersal (quivered)
Armour
 b - a +0 leather armour (worn)
Jewellery
 j - a +6 ring of intelligence (right hand)
 k - a ring of resist corrosion (left hand)
Scrolls
 c - 3 scrolls of blinking
 e - a scroll of amnesia {unknown}
 f - a scroll of brand weapon {unknown}
 g - 2 scrolls of poison {unknown}
 m - a scroll of fog {unknown}
Potions
 h - a potion of flight
 i - a potion of brilliance


   Skills:
 - Level 2.0 Fighting
 - Level 3.5 Long Blades
 - Level 1.0 Throwing
 - Level 1.1 Armour
 - Level 2.1 Dodging
 - Level 2.0 Spellcasting
 + Level 2.5 Translocations


You had 3 spell levels left.
You knew the following spells:

 Your Spells              Type           Power      Damage    Failure   Level
a - Blink                 Tloc           34%        N/A       12%         2

Your spell library contained the following spells:

 Spells                   Type           Power      Damage    Failure   Level
 Apportation              Tloc           34%        N/A       8%          1
 Lesser Beckoning         Tloc           34%        N/A       12%         2
 Necrotise                Necr           8%         1d4       22%         1
 Summon Small Mammal      Summ           8%         N/A       22%         1
 Teleport Other           Tloc           17%        N/A       24%         3
 Vhi's Electric Charge    Tloc/Air       20%        N/A       36%         3
 Manifold Assault         Tloc           17%        N/A       61%         4


Dungeon Overview and Level Annotations

Branches:
Dungeon (2/15)

Altars:

Annotations:
D:2 Sigmund


Innate Abilities, Weirdness & Mutations

You have a beak for a mouth.
You have claws for feet.


Message History

You add the spells Necrotise, Summon Small Mammal and Apportation to your library.
A kobold comes into view. It is wielding a +0 whip.
Found 5 stones.
The kobold shouts!
A kobold is nearby!
An endoplasm comes into view.
The kobold closely misses you.
You hit the kobold. Your kick misses the kobold.
The kobold is severely wounded.
You hit the kobold but do no damage.
The kobold is severely wounded.
The kobold hits you but does no damage.
You hit the kobold but do no damage. You claw the kobold.
You kill the kobold!
You completely miss the endoplasm. The endoplasm hits you.
You hit the endoplasm.
You feel better.
You claw the endoplasm.
You kill the endoplasm!
Sigmund the Dreaded comes into view.
He is wielding a +0 scythe.
Sigmund shouts!
Things that are here:
a +0 whip; 5 stones Sigmund hits you from afar with a +0 scythe.
Sigmund gestures at you while chanting.
You are confused.
You are too confused!
You are too confused!
You barely miss Sigmund. Your kick misses Sigmund.
It was a potion of flight.
You feel very buoyant.
You fly up into the air.
Sigmund hits you with a +0 scythe.
It was a potion of brilliance.
You feel clever all of a sudden. Sigmund hits you with a +0 scythe!
Ouch! That really hurt!
* * * LOW HITPOINT WARNING * * *
You barely miss Sigmund.
You bump into the rock wall.
Sigmund closely misses you.
A frilled lizard comes into view.
You bump into the rock wall.
Sigmund hits you with a +0 scythe.
You die...

# # # # ### ### # ....
#.####### .....
#........
......##########.#######
.....l@@.)..........>#..
.#############.#######..
###..# #.. ##...## #..
##..### #.. #..## ######
##.## ##....) .. ##..#
#...##. .## ##..##
#...<#.


You could see Sigmund and a frilled lizard.

Vanquished Creatures
  A dart slug (D:1)
  3 ball pythons
  3 endoplasms
  A giant cockroach (D:1)
  2 hobgoblins (D:1)
  3 kobolds
  2 bats (D:2)
  2 frilled lizards (D:1)
  A goblin (D:1)
  2 rats (D:1)
20 creatures vanquished.

Notes
Turn   | Place    | Note
-------+----------+-------------------------------------------
     0 | D:1      | Leeroy the Tengu Warper began the quest for the Orb.
     0 | D:1      | Reached XP level 1. HP: 12/12 MP: 4/4
   112 | D:1      | Reached XP level 2. HP: 17/17 MP: 6/6
   114 | D:1      | Reached skill level 3 in Long Blades
   500 | D:1      | Learned a level 2 spell: Blink
   503 | D:1      | You fall into a shaft and drop 1 floor!
   851 | D:2      | Noticed Sigmund
   860 | D:2      | Slain by Sigmund

Illustrated notes

Levels and vault maps discovered:
D:1:      lemuel_arrival_behind_the_door_small, layout_loops_ring
D:2:      layout_basic, uniq_sigmund

Skill      XL: |  1  2 |
---------------+-------+-----
Long Blades    | 3 |  3.5
Fighting       | |  2.0
Throwing       | |  1.0
Armour         | |  1.1
Dodging        | |  2.1
Spellcasting   | |  2.0
Translocations | |  2.5

Action                   || total
-------------------------++-------
Melee: Falchion          ||    36
       Kick              ||     5
       Peck              ||     4
       Short sword       ||    11
  Use: Potion            ||     2
Armor: Leather armour    ||    16
Dodge: Dodged            ||    27

Table legend: (Time is in decaauts)
 A = Elapsed time spent in this place.
 B = Non-inter-level travel time spent in this place.
 C = Inter-level travel time spent in this place.
 D = Time resting spent in this place.
 E = Time spent auto-exploring this place.
 F = Levels seen in this place.
 G = Mean time per level.
                   A        B        C        D        E       F      G
               +--------+--------+--------+--------+--------+-----+--------+
         Total |    862 |    862 |      0 |      0 |    713 |   2 |  431.0 |
       Dungeon |    862 |    862 |      0 |      0 |    713 |   2 |  431.0 |
               +--------+--------+--------+--------+--------+-----+--------+

Top non-repeatable levels by time:
     D:1: 506 daAuts
     D:2: 356 daAuts
